 Dungeon Crawl Stone Soup version 0.21-a0-504-g2eda330 (webtiles) character file.

51 slep the Ducker (level 3, -2/28 HPs)
             Began as a Demonspawn Gladiator on Nov 25, 2017.
             Slain by a gnoll
             ... wielding a +0 spear
              (7 damage)
             ... on level 2 of the Dungeon.
             The game lasted 00:03:07 (1388 turns).

slep the Ducker (Demonspawn Gladiator)              Turns: 1388, Time: 00:03:07

Health: -2/28      AC:  7    Str: 15    XL:     3   Next: 58%
Magic:  3/3        EV: 10    Int:  9    God:
Gold:   123        SH:  0    Dex: 14    Spells: 2/2 levels left

rFire    . . .     SeeInvis .   a - +0 long sword
rCold    . . .     Gourm    .   (no shield)
rNeg     . . .     Faith    .   l - +0 scale mail
rPois    .         Spirit   .   k - +0 helmet (curse)
rElec    .         Reflect  .   (no cloak)
rCorr    .         Harm     .   (no gloves)
MR       .....                  (no boots)
Stlth    ..........             (no amulet)
HPRegen  0.09/turn              (no ring)
MPRegen  0.08/turn              (no ring)

@: no status effects
A: powered by pain 1
a: no special abilities


You were on level 2 of the Dungeon.
You were hungry.

You visited 1 branch of the dungeon, and saw 2 of its levels.

You collected 123 gold pieces.

Inventory:

Hand Weapons
 a - a +0 long sword (weapon)
Missiles
 d - 3 throwing nets (quivered)
Armour
 b - a +0 leather armour
 c - a +0 helmet
 k - a cursed +0 helmet (worn)
 l - a +0 scale mail (worn)
Scrolls
 e - 2 scrolls of identify {unknown}
 h - a scroll of enchant weapon {unknown}
 n - a scroll of remove curse {unknown}
 o - 3 scrolls of teleportation {unknown}
Potions
 g - a potion of might {unknown}
 j - a potion of agility {unknown}
Comestibles
 f - 2 bread rations
 i - a meat ration
 m - 2 fruits


   Skills:
 + Level 2.4 Fighting
 + Level 3.1 Long Blades
 + Level 1.8 Throwing
 + Level 1.2 Armour
 + Level 3.2 Dodging


You had 2 spell levels left.
You didn't know any spells.

Dungeon Overview and Level Annotations

Branches:
Dungeon (2/15)

Altars:


Innate Abilities, Weirdness & Mutations

You sometimes gain a little power by taking damage.


Message History

You barely miss the gnoll.
The gnoll is almost dead.
The gnoll shouts!
The gnoll closely misses you. The gnoll hits you but does no damage.
You hit the gnoll.
You kill the gnoll!
The gnoll hits you from afar with a spear.
Things that are here:
a whip; a gnoll corpse You hit the gnoll.
The gnoll is heavily wounded.
The gnoll hits you with a spear.
* * * LOW HITPOINT WARNING * * *
The gnoll barely misses you.
You riposte.
You hit the gnoll.
The gnoll is heavily wounded.
The gnoll hits you but does no damage. The gnoll hits you with a spear.
* * * LOW HITPOINT WARNING * * *
The gnoll hits you from afar with a spear!
You die...

...###.###### # #.#
##.###.##...# .. #.#
#.(##....#.# #.## #.#
##......###.## ..# . #
...##.#.# #..# #.# .
(####...####.###.##
.....#...###...#..##
##########...#....g####...
#.......#......@g)gg.....
##...#...#...####..####...
.#.......#...# #..#
.'.#).(#.##### ####
##.......# #...#...#
#.......# #########


You could see 3 gnolls and a goblin.

Vanquished Creatures
  A gnoll (D:2)
  An adder (D:2)
  An ooze (D:2)
  A dart slug (D:2)
  A ball python (D:1)
  2 giant cockroaches
  4 goblins
  5 hobgoblins
  4 kobolds
  3 bats
  A frilled lizard (D:1)
  A rat (D:2)
25 creatures vanquished.

Notes
Turn   | Place    | Note
-------+----------+-------------------------------------------
     0 | D:1      | slep the Demonspawn Gladiator began the quest for the Orb.
     0 | D:1      | Reached XP level 1. HP: 16/16 MP: 1/1
   144 | D:1      | Gained mutation: You sometimes gain a little power by taking damage. [demonic ancestry]
   144 | D:1      | Reached XP level 2. HP: 18/22 MP: 2/2
  1245 | D:2      | Reached XP level 3. HP: 27/27 MP: 3/3
  1249 | D:2      | Reached skill level 1 in Armour
  1388 | D:2      | Slain by a gnoll

Vault maps used:
D:1:      dpeg_arrival_morbid_curiosity
D:2:      kennysheep_generic_room_10

Skill      XL: |  1  2  3 |
---------------+----------+-----
Dodging        | 3 |  3.2
Long Blades    | 3 |  3.1
Armour         | 1 |  1.2
Fighting       | |  2.4
Throwing       | |  1.8

Action                   || total
-------------------------++-------
Melee: Long sword        ||    73
  Eat: Chunk             ||     1
Armor: Leather armour    ||    18
       Scale mail        ||    14
Dodge: Dodged            ||    61
       Rpst.: Long sword ||     8

Table legend:
 A = Spawn XP
 B = Non-spawn XP
 C = Spawn XP percentage of total XP
 D = Spawn monster count
 E = Non-spawn monster count
 F = Spawn count percentage of total count
 G = Total turns spent on level
                    A         B        C        D         E        F      G
               +---------+---------+-------+---------+---------+-------+---------
         Total |       0 |      74 |   0.0 |       0 |      25 |   0.0 |  1388
               +---------+---------+-------+---------+---------+-------+---------
           D:1 |       0 |      25 |   0.0 |       0 |      14 |   0.0 |  1003
           D:2 |       0 |      49 |   0.0 |       0 |      11 |   0.0 |   385
               +---------+---------+-------+---------+---------+-------+---------
